 Dungeon Crawl Stone Soup version 0.28-a0-1447-ga5a8893891 (webtiles) character file.

Game seed: 15441800741993777338

63 HallandMoats the Skirmisher (level 3, -3/29 HPs)
             Began as a Demonspawn Fighter on Jan 11, 2022.
             Was a Follower of Okawaru.
             Killed by nerve-wracking pain
             ... invoked by Jessica
              (13 damage)
             ... on level 3 of the Dungeon.
             The game lasted 00:02:39 (1597 turns).

HallandMoats the Skirmisher (Demonspawn Fighter)    Turns: 1597, Time: 00:02:40

Health: -3/29      AC: 13    Str: 18    XL:     3   Next: 87%
Magic:  3/3        EV:  9    Int:  9    God:    Okawaru [*.....]
Gold:   69         SH:  4    Dex: 12    Spells: 2/2 levels left

rFire   . . .      SeeInvis .   b - +1 dagger (protect)
rCold   . . .      Faith    .   c - +0 buckler
rNeg    . . .      Spirit   .   e - +0 scale mail
rPois   .          Reflect  .   (helmet restricted)
rElec   .          Harm     .   (no cloak)
rCorr   .          Rampage  .   (no gloves)
Will    .....                   (no boots)
Stlth   ..........              (no amulet)
HPRegen 0.09/turn               (no ring)
MPRegen 0.08/turn               (no ring)

@: under a protective aura
A: antennae 1, foul stench 1
a: Renounce Religion, Heroism


You were on level 3 of the Dungeon.
You worshipped Okawaru.
Okawaru was aware of your devotion.
You visited 1 branch of the dungeon, and saw 3 of its levels.

You collected 69 gold pieces.

Inventory:

Hand Weapons
 a - a +0 war axe
 b - a +1 dagger of protection (weapon)
Armour
 c - a +0 buckler (worn)
 e - a +0 scale mail (worn)
Scrolls
 f - a scroll of fog {unknown}
 i - 2 scrolls of teleportation {unknown}
 j - a scroll of identify {unknown}
 l - a scroll of noise {unknown}
Potions
 d - 3 potions of might
 g - a potion of curing {unknown}
 h - 2 potions of attraction {unknown}
 k - a potion of heal wounds {unknown}


   Skills:
 * Level 3.5 Fighting
 * Level 2.6 Axes
 + Level 3.0 Armour
 + Level 0.7 Dodging
 + Level 2.9 Shields
 + Level 0.3 Invocations


You had 2 spell levels left.
You didn't know any spells.
Your spell library contained the following spells:

 Spells                   Type           Power      Damage    Failure   Level
 Ignite Poison            Fire/Tmut/Pois 0%         N/A       99%         3
 Mephitic Cloud           Conj/Pois/Air  0%         N/A       99%         3
 Freezing Cloud           Conj/Ice/Air   0%         6-21      100%        5


Dungeon Overview and Level Annotations

Branches:
Dungeon (3/15)

Altars:
Nemelex Xobeh
Okawaru

Annotations:
D:3 Jessica


Innate Abilities, Weirdness & Mutations

You have a pair of small antennae on your head.
You may rarely emit foul miasma when damaged in melee.


Message History

You hit the adder.
The adder is heavily wounded.
Jessica casts a spell.
Jessica seems to speed up.
You block the adder's attack.
You hit the adder.
The adder is severely wounded.
Jessica hits you with a +6 club! The adder bites you.
You are poisoned.
The adder poisons you! Jessica hits you but does no damage.
The adder bites you but does no damage.
You hit the adder.
The adder is severely wounded.
You feel sick. Jessica hits you but does no damage. The adder bites you.
You barely miss the adder.
The adder is severely wounded.
You feel sick. Jessica closely misses you. You block the adder's attack.
Jessica barely misses you.
You completely miss the adder.
The adder is severely wounded.
You feel sick. The adder barely misses you.
Jessica mumbles some strange words.
Jessica blinks!
The adder bites you but does no damage.
You hit the adder but do no damage.
The adder is severely wounded.
You feel sick.
You are no longer poisoned.
The adder bites you but does no damage.
Unknown command.
You miss the adder.
The adder is severely wounded.
You block Jessica's attack. The adder barely misses you.
Jessica hits you with a +6 club.
Unknown command.
You are too injured to fight recklessly!
Unknown command.
You are too injured to fight recklessly!
Unknown command.
Jessica gestures at you while chanting. Pain shoots through your body!
You die...

#########
#.......# #..
...########
#.#####.#.......
##.##.........#
#.....##<#.##....
#..#####.#.# .
#@@......#.#
#S.......#..
#.....#########
#.##..# # #...#
...... #.#...#.
#.....#. #.#....
.


You could see an adder and Jessica (fast).

Vanquished Creatures
  2 adders (D:2)
  3 dart slugs
  3 ball pythons
  4 bats
  3 endoplasms
  2 giant cockroaches
  4 goblins
  A hobgoblin (D:2)
  4 jackals (D:2)
  3 kobolds
  2 quokkas
  2 frilled lizards (D:1)
  4 rats
37 creatures vanquished.

Vanquished Creatures (others)
  A rat (D:2)
  A plant (D:2)
2 creatures vanquished.

Grand Total: 39 creatures vanquished

Notes
Turn   | Place    | Note
-------+----------+-------------------------------------------
     0 | D:1      | HallandMoats the Demonspawn Fighter began the quest for the
                  | Orb.
     0 | D:1      | Reached XP level 1. HP: 18/18 MP: 1/1
   209 | D:1      | Gained mutation: You have a pair of small antennae on your
                  | head. [demonic ancestry]
   209 | D:1      | Reached XP level 2. HP: 21/24 MP: 2/2
   856 | D:2      | Found a sparkling altar of Nemelex Xobeh.
   963 | D:2      | Found a faded altar of an unknown god.
  1003 | D:2      | Gained mutation: You may rarely emit foul miasma when
                  | damaged in melee. [demonic ancestry]
  1003 | D:2      | Reached XP level 3. HP: 25/29 MP: 3/3
  1022 | D:2      | Prayed at the altar of an unknown god.
  1022 | D:2      | Became a worshipper of Warmaster Okawaru
  1022 | D:2      | Reached * piety under Okawaru
  1585 | D:3      | Noticed Jessica
  1597 | D:3      | Killed from afar by Jessica

Illustrated notes

Levels and vault maps discovered:
D:1:      matt_arrival_refuge, layout_basic, kennysheep_nondescript
D:2:      layout_basic, shapermc_ecumenical_altar_mp_ritualfount, basic_altar,
          minmay_puff
D:3:      layout_loops_cross, hellmonk_ghost_happy_afterlife, uniq_jessica

Skill      XL: |  1  2  3 |
---------------+----------+-----
Axes           | 2 |  2.6
Armour         | 3 |  3.0
Fighting       | |  3.5
Dodging        | |  0.7
Shields        | |  2.9
Invocations    | |  0.3

Action                   || total
-------------------------++-------
Melee: Dagger            ||   148
       War axe           ||    10
Armor: Scale mail        ||    81
Dodge: Dodged            ||    72
Block: Buckler           ||    44

Table legend: (Time is in decaauts)
 A = Elapsed time spent in this place.
 B = Non-inter-level travel time spent in this place.
 C = Inter-level travel time spent in this place.
 D = Time resting spent in this place.
 E = Time spent auto-exploring this place.
 F = Levels seen in this place.
 G = Mean time per level.
                   A        B        C        D        E       F      G
               +--------+--------+--------+--------+--------+-----+--------+
         Total |   1606 |   1553 |     53 |      0 |   1167 |   3 |  535.3 |
       Dungeon |   1606 |   1553 |     53 |      0 |   1167 |   3 |  535.3 |
               +--------+--------+--------+--------+--------+-----+--------+

Top non-repeatable levels by time:
     D:1: 837 daAuts
     D:2: 747 daAuts
     D:3: 21 daAuts
